 Dungeon Crawl Stone Soup version 0.19.4 (webtiles) character file.

93 vatarom the Skirmisher (level 4, -3/31 HPs)
             Began as an Octopode Transmuter on Feb 2, 2017.
             Killed from afar by Natasha (8 damage)
             ... with a magic dart
             ... on level 3 of the Dungeon.
             The game lasted 00:05:26 (2461 turns).

vatarom the Skirmisher (Octopode Transmuter)        Turns: 2461, Time: 00:05:27

Health: -3/31      AC:  1    Str: 10    XL:     4   Next: 62%
Magic:  4/7        EV: 13    Int: 15    God:
Gold:   131        SH:  0    Dex: 14    Spells: 3 memorised, 1 level left

rFire  . . .     SeeInvis .       - Unarmed
rCold  . . .     Gourm    .     (no shield)
rNeg   . . .     Faith    .     (helmet restricted)
rPois  .         Spirit   .     (no amulet)
rElec  .         Reflect  .     e - +2 ring of dexterity
rCorr  .         Harm     .     (no ring)
MR     .....                    (no ring)
Stlth  ++........               (no ring)
                                (no ring)
                                (no ring)
                                (no ring)
                                (no ring)

@: slowed, very slow
A: almost no armour, stealthy swim, amphibious, 8 rings, constrict 8, camouflage
1, gelatinous body 1
a: no special abilities


You were on level 3 of the Dungeon.
You were not hungry.

You visited 1 branch of the dungeon, and saw 3 of its levels.

You collected 131 gold pieces.

Inventory:

Missiles
 a - 19 arrows
Jewellery
 e - a +2 ring of dexterity (left tentacle)
Scrolls
 d - a scroll of teleportation
 g - 4 scrolls of remove curse
 h - 2 scrolls of enchant armour
 j - 2 scrolls of identify
Potions
 c - 2 potions of mutation {unknown}
 k - a potion of curing
 l - a potion of brilliance {unknown}
Books
 b - a book of Changes

   Spells                             Type                      Level
   a - Beastly Appendage              Transmutation                1
   b - Sticks to Snakes               Transmutation                2
   c - Spider Form                    Transmutation/Poison         3
   d - Ice Form                       Ice/Transmutation            4
   e - Blade Hands                    Transmutation                5
Comestibles
 f - 2 bread rations
 i - a chunk of flesh


   Skills:
 - Level 3.5 Fighting
 - Level 2.0 Dodging
 * Level 3.2 Unarmed Combat
 - Level 2.0 Spellcasting
 + Level 2.8 Transmutations


You had one spell level left.
You knew the following spells:

 Your Spells              Type           Power        Failure   Level  Hunger
a - Beastly Appendage     Tmut           #.....       10%         1    #......
b - Sticks to Snakes      Tmut           #.......     12%         2    ###....
c - Spider Form           Tmut/Pois      #.........   43%         3    ###....


Dungeon Overview and Level Annotations

Branches:
Dungeon (3/15)

Altars:
Nemelex Xobeh

Annotations:
D:3 Natasha, Terence


Innate Abilities, Weirdness & Mutations

You cannot wear most types of armour.
You are very stealthy in the water. (Stealth+)
You are amphibious.
You can wear up to eight rings at the same time.
You can use your tentacles to constrict eight enemies at once.
Your skin changes colour to match your surroundings (Stealth+).
Your rubbery body absorbs attacks. (AC +1, EV +1)


Message History

You squeeze the crimson imp, but do no damage.
You constrict the crimson imp, but do no damage.
Your adder misses the frilled lizard. The frilled lizard bites you.
Natasha claws you.
Terence shouts, "ATTACK!!!"
The adder bites you.
Your adder bites the frilled lizard.
The frilled lizard dies!
The crimson imp hits you.
* * * LOW HITPOINT WARNING * * *
Natasha closely misses you.
You tentacle-slap the crimson imp.
The crimson imp is moderately wounded.
You constrict the crimson imp. The adder bites you.
* * * LOW HITPOINT WARNING * * *
Your adder bites the ice beast.
The crimson imp struggles to blink free from constriction.
The adder barely misses you. The ice beast misses you.
Natasha casts a spell at you. The magic dart hits you!
You die...

########### ##########
#..........
#........#######..........
#.......S##....#..........
+.......h@5....'..........
#......@Y##....#..........
#.......S##....#..........
#....5...#######..........
..........# #######....
..........+ #....
..........# #....
....####### #....


You could see an ice beast, Terence, Natasha, 2 crimson imps, an adder and a
friendly adder.

Vanquished Creatures
  An adder (D:2)
  An ooze (D:2)
  3 worms
  6 dart slugs
  2 leopard geckos
  5 giant cockroaches
  5 goblins
  5 hobgoblins
  6 jackals
  8 bats
  2 frilled lizards (D:1)
  4 kobolds
  7 rats
55 creatures vanquished.

Vanquished Creatures (collateral kills)
  A frilled lizard (D:3)
1 creature vanquished.

Grand Total: 56 creatures vanquished

Notes
Turn   | Place    | Note
-------+----------+-------------------------------------------
     0 | D:1      | vatarom the Octopode Transmuter began the quest for the Orb.
     0 | D:1      | Reached XP level 1. HP: 13/13 MP: 3/3
   299 | D:1      | Reached XP level 2. HP: 10/19 MP: 5/5
   778 | D:1      | Learned a level 2 spell: Sticks to Snakes
  1107 | D:1      | Reached XP level 3. HP: 21/25 MP: 6/6
  1154 | D:1      | Learned a level 3 spell: Spider Form
  1847 | D:2      | Reached XP level 4. HP: 31/31 MP: 7/7
  2122 | D:2      | Found a sparkling altar of Nemelex Xobeh.
  2451 | D:3      | Noticed Natasha
  2454 | D:3      | Noticed an ice beast
  2456 | D:3      | Noticed Terence
  2461 | D:3      | Killed from afar by Natasha

Skill      XL: |  1  2  3 |
---------------+----------+-----
Fighting       | 2 3 |  3.5
Dodging        | |  2.0
Unarmed Combat | |  3.2
Spellcasting   | |  2.0
Transmutations | |  2.8

Action                   |  1- 3 |  4- 6 || total
-------------------------+-------+-------++-------
Melee: Unarmed           |   105 |    32 ||   137
       Constrict         |    30 |    11 ||    41
       Tentacles         |    18 |     6 ||    24
       Kick              |     2 |     1 ||     3
       Punch             |     2 |       ||     2
 Cast: Beastly Appendage |     3 |     1 ||     4
       Sticks to Snakes  |     1 |     4 ||     5
  Use: Scroll            |     5 |     3 ||     8
       Potion            |       |     1 ||     1
 Stab: Sleeping          |     6 |     2 ||     8
  Eat: Chunk             |     1 |       ||     1
       Bread ration      |     1 |       ||     1
Armor: Skin              |    12 |     2 ||    14
Dodge: Dodged            |    69 |    17 ||    86
